 Dungeon Crawl Stone Soup version 0.21-a0-140-g479285b (webtiles) character file.

179 Gorglomux the Shooter (level 5, 0/40 HPs)
             Began as a Hill Orc Arcane Marksman on July 21, 2017.
             Succumbed to a worker ant's poison
             ... on level 4 of the Dungeon.
             The game lasted 00:05:49 (3933 turns).

Gorglomux the Shooter (Hill Orc Arcane Marksman)    Turns: 3933, Time: 00:05:50

Health: 0/40       AC:  9    Str: 12 (14) XL:     5   Next: 59%
Magic:  15/15      EV:  5    Int: 13 (16) God:
Gold:   210        SH:  0    Dex: 10 (11) Spells: 5/6 levels left

rFire    . . .     SeeInvis +   a - +0 shortbow
rCold    . . .     Gourm    .   (shield currently unavailable)
rNeg     . . .     Faith    .   x - +0 chain mail (curse)
rPois    .         Spirit   .   (no helmet)
rElec    .         Reflect  .   (no cloak)
rCorr    .         Harm     .   w - +0 pair of gloves
MR       .....                  (no boots)
Stlth    ..........             (no amulet)
HPRegen  0.13/turn              r - ring of magical power
MPRegen  0.14/turn              s - ring of see invisible

@: brilliant, lethally poisoned (0 -> -3), hasted, drained, very quick
A: dopey 1, evolution 1
a: no special abilities


You were on level 4 of the Dungeon.
You were not hungry.

You visited 1 branch of the dungeon, and saw 4 of its levels.

You collected 210 gold pieces.

Inventory:

Hand Weapons
 a - a +0 shortbow (weapon)
 b - a +1 dagger of draining
Missiles
 d - 44 arrows (quivered)
Armour
 w - a +0 pair of gloves (worn)
 x - a cursed +0 chain mail (worn)
Jewellery
 r - a ring of magical power (left hand)
 s - a ring of see invisible (right hand)
Scrolls
 h - a scroll of blinking {unknown}
 k - a scroll of immolation {unknown}
 n - 2 scrolls of teleportation {unknown}
 u - a scroll of random uselessness {unknown}
 v - 3 scrolls of identify {unknown}
 y - a scroll of amnesia {unknown}
Potions
 i - 3 potions of brilliance
Books
 c - a book of Debilitation

   Spells                             Type                      Level
   a - Corona                         Hexes                        1
   b - Slow                           Hexes                        2
   c - Inner Flame                    Hexes/Fire                   3
   d - Portal Projectile              Hexes/Translocation          3
   e - Cause Fear                     Hexes                        4
   f - Leda's Liquefaction            Hexes/Earth                  4
Comestibles
 f - 2 bread rations
 m - 2 fruits
 t - a royal jelly
 z - 2 chunks of flesh


   Skills:
 - Level 1.2(0.9) Fighting
 + Level 5.1(4.8) Bows
 - Level 1.5(1.2) Dodging
 - Level 1.0(0.7) Spellcasting
 - Level 3.0(2.6) Hexes


You had 5 spell levels left.
You knew the following spells:

 Your Spells              Type           Power        Failure   Level  Hunger
a - Corona                Hex            ###....      41%         1    ##.....


Dungeon Overview and Level Annotations

Branches:
Dungeon (4/15)
 Temple: D:4-7

Altars:
Gozag
Yredelemnul
The Shining One

Annotations:
D:3 p0werm0de's ghost, amateur GrCK


Innate Abilities, Weirdness & Mutations

You are dopey. (Int -2)
You evolve.


Message History

The frilled lizard bites you but does no damage!
Firing (i - inventory):
d - 45 arrows (quivered)
Press: ? - help, Shift-Dir - straight line, butt - frilled lizard
Aim: a frilled lizard You shoot an arrow!
The arrow hits the frilled lizard!
You annihilate the frilled lizard!!!
Butt (i - inventory):
d - 44 arrows (quivered)
Press: ? - help, Shift-Dir - straight line, f - you Really target yourself?
Okay, then! * * * don't die
* * * You feel sick!
Found a fruit and a scroll labeled XOZ FIWEVUNY! * * * don't die
* * * You feel sick! * * * don't die
* * * You feel sick! * * * butt't die
* * * You feel sick! rip

#### #####
##...##...##
##..........####.. .
#...?%........... ...
#............####....#
#.............@.......
##.................##.
##...##....##.###.#
#### ##...##.# #
#.......# #.......#
#....<.## #...(.(#
#......#


There were no monsters in sight!

Vanquished Creatures
  A worker ant (D:4)
  4 gnolls (D:3)
  3 adders
  An ooze (D:2)
  4 worms
  4 dart slugs
  2 leopard geckos
  4 giant cockroaches
  7 goblins
  5 hobgoblins
  3 jackals
  A quokka (D:2)
  9 bats
  9 frilled lizards
  8 kobolds
  5 rats
70 creatures vanquished.

Notes
Turn   | Place    | Note
-------+----------+-------------------------------------------
     0 | D:1      | Gorglomux the Hill Orc Arcane Marksman began the quest for the Orb.
     0 | D:1      | Reached XP level 1. HP: 16/16 MP: 2/2
    27 | D:1      | Reached skill level 2 in Bows
   379 | D:1      | Reached XP level 2. HP: 20/23 MP: 3/3
  1022 | D:1      | Reached skill level 3 in Bows
  1198 | D:2      | Reached XP level 3. HP: 26/28 MP: 4/4
  1535 | D:2      | Found a glowing golden altar of the Shining One.
  1628 | D:2      | Found a basalt altar of Yredelemnul.
  1951 | D:2      | Reached XP level 4. HP: 34/35 MP: 5/5
  2033 | D:2      | Found a faded altar of an unknown god.
  2044 | D:2      | Found an opulent altar of Gozag.
  2110 | D:2      | Reached skill level 4 in Bows
  2811 | D:3      | Noticed p0werm0de's ghost (amateur GrCK)
  3115 | D:3      | Reached XP level 5. HP: 39/40 MP: 6/6
  3915 | D:4      | Reached skill level 5 in Bows
  3918 | D:4      | Gained mutation: You are dopey. (Int -2) [potion of mutation]
  3918 | D:4      | Gained mutation: You evolve. [potion of mutation]
  3923 | D:4      | HP: 2/40 [poisoned by a worker ant]
  3930 | D:4      | HP: 1/40 [poisoned by a worker ant]
  3933 | D:4      | Succumbed to a worker ant's poison

Vault maps used:
D:1:      dpeg_arrival_tiny_f
D:2:      grunt_gozag_breadcrumbs, marbit_many_paths, yredelemnul_altar_generic,
          first_bread, chequers_ecumenical_altar_twisty, st_stairs_14
D:3:      minmay_quantized
D:4:      gammafunk_wand_slinger, lemuel_crystal_altar, uniq_natasha

Skill      XL: |  1  2  3  4  5 |
---------------+----------------+-----
Bows           | 2 3 4 5 |  5.1
Fighting       | |  1.2
Dodging        | |  1.5
Spellcasting   | |  1.0
Hexes          | |  3.0

Action                   |  1- 3 |  4- 6 || total
-------------------------+-------+-------++-------
Melee: Dagger            |    28 |    14 ||    42
 Fire: Shortbow          |    98 |   127 ||   225
 Cast: Corona            |     1 |       ||     1
  Use: Potion            |       |     4 ||     4
  Eat: Chunk             |     2 |     7 ||     9
Armor: Robe              |    17 |     7 ||    24
       Chain mail        |       |    41 ||    41
Dodge: Dodged            |    49 |    38 ||    87
